Map: Remanso LE

Players

IagoAbreu - Winner!

  • Race: Zerg Zerg
  • League: Gold
  • Spawn Location: 5:00

Anubis

  • Race: Protoss Protoss
  • League: Gold
  • Spawn Location: 11:00

VOD

Have the link to the VOD?

Description

Time

  • Played on: May 6, 2018, 5:40 p.m.
  • Length: 11:15
Show
View Real Time Build Order
Export as new Build Order

IagoAbreu Zerg - Winner!

Build Orders: Pool First 

Get SALT Encoding   

  12  0:02  Drone  
  13  0:08  Drone  
  14  0:17  Overlord  
  14  0:25  Extractor  
  14  0:27  Drone  
  14  0:44  Spawning Pool  
  14  0:49  Drone x2  
  15  0:54  Drone  
  16  1:01  Drone  
  17  1:11  Drone  
  19  1:32  Drone  
  19  1:34  Zergling x2  
  20  1:41  Queen  
  22  1:53  Hatchery  
  21  2:01  Zergling x2  
  21  2:04  Overlord  
  22  2:16  Evolution Chamber  
  22  2:22  Queen  
  23  2:25  Drone x2  
  25  2:39  Zergling x4  
  27  2:47  Metabolic Boost  
  27  2:49  Zerg Melee Weapons Level 1  
  27  2:53  Drone  
  27  2:54  Zergling x4  
  27  2:57  Overlord  
  30  3:21  Zergling x4  
  30  3:22  Zergling x4  
  30  3:24  Lair  
  34  3:37  Zergling x8  
  38  3:50  Zergling x6  
  41  4:04  Zergling x4  
  41  4:05  Zergling x2  
  41  4:06  Overlord  
  41  4:07  Overlord  
  44  4:39  Zergling x2  
  44  4:40  Zergling x16  
  44  4:41  Zergling x4  
  52  5:13  Zergling x4  
  52  5:14  Zergling x12  
  52  5:15  Zergling x4  
  56  5:22  Zerg Melee Weapons Level 2  
  56  5:28  Overlord  
  49  5:35  Overlord  
  36  5:50  Zergling x6  
  36  5:51  Zergling x4  
  36  6:01  Zergling x4  
  36  6:02  Zergling x4  
  36  6:10  Zergling x2  
  36  6:11  Zergling x4  
  36  6:19  Drone x2  
  37  6:34  Zergling x6  
  37  6:35  Zergling x4  
  37  6:37  Zergling x2  
  34  7:02  Spire  
  31  7:28  Extractor  
  30  7:47  Hatchery  
  30  7:49  Extractor  
  30  7:51  Drone x7  
  32  7:52  Drone x5, Extractor  
  39  8:15  Drone  
  39  8:19  Mutalisk x2  
  40  8:20  Mutalisk x2  
  40  8:25  Mutalisk  
  50  8:36  Drone x3  
  50  8:37  Drone x3  
  56  8:53  Mutalisk x2  
  57  9:22  Queen  
  59  9:29  Mutalisk x3  
  59  9:30  Mutalisk  
  67  9:32  Mutalisk  
  67  9:36  Drone  
  67  9:37  Drone x3  
  65  10:12  Mutalisk x4  
  70  10:33  Zergling x4  
  70  10:34  Zergling x4  
Show
View Real Time Build Order
Export as new Build Order

Anubis Protoss 

Build Orders:  

Get SALT Encoding   

  12  0:01  Probe  
  13  0:14  Pylon  
  13  0:18  Probe  
  14  0:30  Probe  
  15  0:36  Gateway  
  15  0:48  Probe  
  15  0:50  Assimilator  
  15  0:56  Probe  
  17  1:06  Probe  
  18  1:18  Probe  
  19  1:23  Cybernetics Core  
  19  1:29  Assimilator  
  19  1:41  Probe  
  19  1:46  Pylon  
  20  1:54  Probe  
  21  2:00  Warp Gate  
  20  2:07  Probe  
  21  2:15  Gateway  
  21  2:16  Stalker  
  21  2:19  Probe  
  21  2:22  Robotics Facility  
  24  2:29  Pylon  
  24  2:30  Probe  
  25  2:38  Probe  
  26  2:46  Probe  
  26  2:49  Stalker  
  29  2:58  Probe  
  32  3:07  Zealot  
  32  3:09  Pylon  
  32  3:18  Immortal  
  36  3:51  Nexus  
  36  3:55  Pylon  
  36  3:57  Probe  
  36  3:59  Observer  
  38  4:15  Probe  
  39  4:25  Immortal  
  39  4:27  Probe  
  39  4:28  Stalker, Sentry  
  48  4:35  Shield Battery  
  48  4:39  Probe  
  49  4:46  Gateway  
  49  4:50  Twilight Council  
  49  4:51  Probe  
  47  5:12  Zealot x2  
  45  5:39  Adept  
  45  5:40  Adept  
  43  5:43  Probe  
  40  5:52  Zealot  
  39  6:02  Zealot x2  
  31  6:24  Nexus  
  31  6:26  Shield Battery  
  31  6:27  Probe  
  31  6:30  Zealot x3  
  38  6:39  Probe  
  35  6:46  Shield Battery  
  35  6:50  Shield Battery  
  30  6:54  Stalker  
  30  6:56  Adept  
  34  7:03  Adept  
  33  7:26  Adept  
  33  7:27  Zealot, Adept  
  39  7:34  Robotics Bay  
  39  7:38  Pylon  
  39  7:41  Forge  
  39  8:02  Nexus  
  39  8:16  Charge  
  39  8:37  Pylon  
  39  8:57  Photon Cannon  
  39  9:00  Shield Battery  
  39  9:03  Adept  
  39  9:04  Zealot  
  42  9:12  Probe  
  43  9:24  Probe  
  44  9:31  Stalker  
  46  9:41  Stalker  
  48  9:50  Stalker  
  45  10:00  Stalker  
  40  10:10  Stalker  
  40  10:13  Stalker  
  36  10:25  Stalker  
Tags
 
League
GoldGold
Matchup
PvZ
Opening
Pool First
Spawn Locations
Cross Positions
Add a new tag
Caveats
  • Supply blocks, unpowered buildings, or Contaminate may cause inaccurate times.
  • Supply counts are checked every 10 seconds.